 Dungeon Crawl Stone Soup version 0.25-b1-23-ge2ad7d536c (webtiles) character file.

Game seed: 7973181094694504664, levelgen mode: deterministic

72 Esekla the Magician (level 4, -4/27 HPs)
             Began as an Octopode Wizard on June 2, 2020.
             Was a Follower of Vehumet.
             Killed by nerve-wracking pain
             ... invoked by an orc priest
              (12 damage)
             ... on level 3 of the Dungeon.
             The game lasted 00:14:39 (3033 turns).

Esekla the Magician (Octopode Wizard)               Turns: 3033, Time: 00:14:40

Health: -4/27      AC:  1    Str:  6    XL:     4   Next: 26%
Magic:  10/10      EV: 13    Int: 21    God:    Vehumet [*.....]
Gold:   188        SH:  0    Dex: 10    Spells: 5/11 levels left

rFire    . . .     SeeInvis .   q - +0 long sword
rCold    . . .     Gourm    .   (no shield)
rNeg     . . .     Faith    .   a - +0 hat
rPois    .         Spirit   .   (no amulet)
rElec    .         Reflect  .   (no ring)
rCorr    .         Harm     .   (no ring)
MR       .....                  (no ring)
Stlth    +++.......             (no ring)
HPRegen  0.09/turn              (no ring)
MPRegen  0.12/turn              (no ring)
                                (no ring)
                                (no ring)

@: no status effects
A: almost no armour, stealthy swim, amphibious, 8 rings, constrict 8, camouflage
1, gelatinous body 1
a: Renounce Religion


You were on level 3 of the Dungeon.
You worshipped Vehumet.
Vehumet was aware of your devotion.
You were not hungry.

You visited 1 branch of the dungeon, and saw 3 of its levels.

You collected 188 gold pieces.

Inventory:

Hand Weapons
 g - a +0 spear
 j - a +0 short sword
 q - a +0 long sword (weapon)
Missiles
 l - 7 javelins (quivered)
 m - 18 poisoned darts
Armour
 a - a +0 hat (worn)
Jewellery
 n - an uncursed ring of ice
Scrolls
 b - 4 scrolls of remove curse {unknown}
 e - 3 scrolls of identify {unknown}
 h - a scroll of amnesia {unknown}
 i - 2 scrolls of enchant weapon {unknown}
 o - a scroll of teleportation {unknown}
 p - a scroll of random uselessness {unknown}
Potions
 d - a potion of curing
 f - a potion of lignification {unknown}
Comestibles
 c - 3 rations
 k - 2 chunks of flesh


   Skills:
 * Level 0.8 Fighting
 + Level 0.2 Polearms
 + Level 2.0 Dodging
 - Level 2.6 Stealth
 * Level 4.1 Spellcasting
 + Level 1.0 Conjurations
   Level 1.0 Summonings
 * Level 1.5 Translocations
 * Level 0.2 Air Magic
 * Level 0.8 Poison Magic


You had 5 spell levels left.
You knew the following spells:

 Your Spells              Type           Power        Failure   Level  Hunger
a - Magic Dart            Conj           #...         8%          1    None
b - Blink                 Tloc           N/A          10%         2    #......
c - Mephitic Cloud        Conj/Pois/Air  #.......     26%         3    ###....

Your spell library contained the following spells:

 Spells                   Type           Power        Failure   Level  Hunger
 Sandblast                Erth           #.....       12%         1    None
 Call Imp                 Summ           #.......     12%         2    #......
 Slow                     Hex            #.......     19%         2    #......
 Conjure Flame            Conj/Fire      #.......     28%         3    ###....


Dungeon Overview and Level Annotations

Branches:
Dungeon (3/15)

Altars:
Elyvilon
Gozag
Vehumet
Yredelemnul


Innate Abilities, Weirdness & Mutations

You cannot wear most types of armour.
You are very stealthy in the water. (Stealth+)
You are amphibious.
You can wear up to eight rings at the same time.
You can use your tentacles to constrict eight enemies at once.
Your skin changes colour to match your surroundings (Stealth+).
Your rubbery body absorbs attacks. (AC +1, EV +1)


Message History

The bat misses you.
You hit the bat.
You kill the bat!
Vehumet accepts your kill. The orc completely misses you.
You riposte.
The orc priest shouts!
You hit the orc but do no damage. You grab the orc.
You release your grip on the orc.
The orc barely misses you.
The orc priest mumbles some strange prayers to Beogh against you.
Beogh smites you!
Ouch! That really hurt!
You hit the orc priest. You grab the orc priest.
The orc priest is moderately wounded.
You constrict the orc priest. The orc hits you with a +0 war axe!
* * * LOW HITPOINT WARNING * * *
The orc priest begins to cast a cantrip, but forgets the words!
You feel better.
You constrict the orc priest. The orc closely misses you.
The orc priest calls down the wrath of Beogh upon you.
Pain shoots through your body!
You die...

. #............# ..
#............# ...
#..........#.#
...###..........#.###
.......†.............
...##.......[...###.# #
#...........###.#
########o..####.........
.......@o...# #.........
#######oo...# #†........
#......##.........
.....#.##......(..
###...#..#.........
.................
#.###.##......... ##
#'####....... ##......


You could see an orc priest and 3 orcs.

Vanquished Creatures
  An adder (D:2)
  2 oozes (D:2)
  3 worms
  A dart slug (D:1)
  2 leopard geckos (D:3)
  An orc (D:3)
  2 ball pythons (D:2)
  3 giant cockroaches
  A goblin (D:2)
  3 hobgoblins
  6 jackals (D:2)
  A quokka (D:3)
  4 bats
  3 frilled lizards
  4 kobolds
  3 rats
40 creatures vanquished.

Notes
Turn   | Place    | Note
-------+----------+-------------------------------------------
     0 | D:1      | Esekla the Octopode Wizard began the quest for the Orb.
     0 | D:1      | Reached XP level 1. HP: 11/11 MP: 4/4
   458 | D:1      | Reached XP level 2. HP: 17/17 MP: 1/6
   462 | D:1      | Learned a level 2 spell: Blink
  1339 | D:2      | Found a faded altar of an unknown god.
  1391 | D:2      | Became a worshipper of Vehumet
  1391 | D:2      | Reached * piety under Vehumet
  1391 | D:2      | Offered knowledge of Freeze by Vehumet.
  1474 | D:2      | Reached XP level 3. HP: 19/21 MP: 6/8
  1484 | D:2      | Reached skill level 4 in Spellcasting
  1695 | D:2      | Learned a level 3 spell: Mephitic Cloud
  1763 | D:2      | Found a basalt altar of Yredelemnul.
  1934 | D:3      | HP: 1/22 [orc priest/divine providence (16)]
  2404 | D:2      | Reached XP level 4. HP: 27/27 MP: 7/10
  2440 | D:2      | Found a white marble altar of Elyvilon.
  2442 | D:2      | Found an opulent altar of Gozag.
  2660 | D:3      | Offered knowledge of Sandblast by Vehumet.
  3033 | D:3      | Killed from afar by an orc priest

Illustrated notes

Levels and vault maps discovered:
D:1:      heliophobic_arrival_enchanted_forest, layout_loops_ring
D:2:      layout_loops_ring, lemuel_doored_altar, minitemple,
          chequers_ecumenical_altar_island, kennysheep_minor_cross
D:3:      layout_basic, tgw_trog

Skill      XL: |  1  2  3 |
---------------+----------+-----
Spellcasting   | 4 |  4.1
Fighting       | |  0.8
Polearms       | |  0.2
Dodging        | |  2.0
Stealth        | |  2.6
Conjurations   | |  1.0
Summonings     | |  1.0
Translocations | |  1.5
Air Magic      | |  0.2
Poison Magic   | |  0.8

Action                   |  1- 3 |  4- 6 || total
-------------------------+-------+-------++-------
Melee: Spear             |    34 |       ||    34
       Short sword       |    27 |    16 ||    43
       Constrict         |    10 |     8 ||    18
       Tentacles         |     6 |     2 ||     8
       Long sword        |       |     2 ||     2
 Cast: Magic Dart        |    46 |     7 ||    53
  Use: Potion            |     1 |     1 ||     2
 Stab: Sleeping          |     3 |     2 ||     5
       Distracted        |     1 |       ||     1
  Eat: Chunk             |     3 |     3 ||     6
Armor: Skin              |     2 |     2 ||     4
Dodge: Dodged            |    33 |    18 ||    51
       Rpst.: Long sword |       |     1 ||     1
